 Dungeon Crawl Stone Soup version 0.23.2-30-g0e89c35649 (webtiles) character file.

Game seed: 4235557843232113304

17367 Cykl0x the Carver (level 12, -3/95 HPs)
             Began as a Formicid Fighter on June 9, 2019.
             Was an Elder of Makhleb.
             Slain by a minotaur
             ... wielding a +0 hand axe of freezing
              (12 damage)
             ... in a Gauntlet.
             The game lasted 00:42:05 (10429 turns).

Cykl0x the Carver (Formicid Fighter)               Turns: 10429, Time: 00:42:10

Health: -3/95      AC: 15    Str: 22    XL:     12   Next: 81%
Magic:  13/13      EV:  9    Int: 14    God:    Makhleb [****..]
Gold:   637        SH: 15    Dex: 10    Spells: 11/11 levels left

rFire    + . .     SeeInvis +   d - +6 long sword (freeze)
rCold    . . .     Gourm    .   c - +3 shield
rNeg     . . .     Faith    .   j - +4 chain mail {rC+}
rPois    .         Spirit   .   (helmet unavailable)
rElec    .         Reflect  .   E - scarf {cloud immunity}
rCorr    .         Harm     .   (no gloves)
MR       +....                  (no boots)
Stlth    ..........             a - amulet "Jallaipnudgh" {Regen+ Str-3 Int+5}
HPRegen  0.65/turn              A - ring of stealth
MPRegen  0.13/turn              C - ring of fire

@: no status effects
A: permanent stasis, dig shafts and tunnels, four strong arms, antennae 3
a: Dig, Shaft Self, Minor Destruction, Lesser Servant of Makhleb, Major
Destruction, Renounce Religion


You were in a Gauntlet.
You worshipped Makhleb.
Makhleb was greatly pleased with you.
You were not hungry.

You visited 2 branches of the dungeon, and saw 13 of its levels.
You also visited: Gauntlet.

You collected 751 gold pieces.
You spent 114 gold pieces at shops.

Inventory:

Hand Weapons
 d - a +6 long sword of freezing (weapon)
 s - a +2 scimitar of flaming
 y - a +4 scimitar of flaming
Missiles
 g - 273 stones (quivered)
Armour
 b - a +0 scale mail
 c - a +3 shield (worn)
 j - a +4 chain mail of cold resistance (worn)
 E - a scarf of cloud immunity (worn)
Jewellery
 a - the amulet "Jallaipnudgh" (around neck) {Regen+ Str-3 Int+5}
   (You found it on level 11 of the Dungeon)

   [amulet of regeneration]

   It affects your strength (-3).
   It affects your intelligence (+5).
   It increases your rate of regeneration.
 h - the ring of Orerghe {AC+4 Str+2 Int+3 Dex-3, unknown}
   (You found it in a Gauntlet)

   [ring of protection]

   It affects your AC (+4).
   It affects your strength (+2).
   It affects your intelligence (+3).
   It affects your dexterity (-3).
 o - a +3 ring of intelligence
 r - an uncursed amulet of magic regeneration
 z - an uncursed ring of protection from magic
 A - a ring of stealth (left hand)
 C - a ring of fire (right hand)
Wands
 l - a wand of flame (13)
 u - a wand of iceblast (29)
 w - a wand of random effects (20)
 F - a wand of digging (5)
Scrolls
 i - 4 scrolls of remove curse
 k - a scroll of fear
 v - a scroll of brand weapon
 x - a scroll of amnesia
Potions
 m - a potion of ambrosia
 n - 2 potions of flight
 p - a potion of agility
 q - 2 potions of lignification
 t - a potion of mutation
 B - a potion of brilliance {unknown}
 D - a potion of curing
 G - a potion of magic {unknown}
Comestibles
 f - 21 rations


   Skills:
 + Level 9.2 Fighting
 + Level 12.3 Long Blades
 + Level 2.3 Throwing
 + Level 9.4 Armour
 + Level 3.6 Dodging
 + Level 2.2 Stealth
 + Level 12.0 Shields
 + Level 2.0 Evocations


You had 11 spell levels left.
You didn't know any spells.
Your spell library contained the following spells:

 Spells                   Type           Power        Failure   Level  Hunger
 Animate Skeleton         Necr           N/A          87%         1    ##.....
 Beastly Appendage        Tmut           #.....       87%         1    ##.....
 Corona                   Hex            #......      87%         1    ##.....
 Pain                     Necr           #...         87%         1    ##.....
 Sandblast                Erth           #.....       87%         1    ##.....
 Sting                    Conj/Pois      #...         87%         1    ##.....
 Ensorcelled Hibernation  Hex/Ice        #.....       95%         2    ###....
 Passwall                 Tmut/Erth      #.......     95%         2    ###....
 Poisonous Vapours        Pois/Air       #.....       95%         2    ###....
 Sticks to Snakes         Tmut           #.......     95%         2    ###....
 Confuse                  Hex            #.......     99%         3    ####...
 Dazzling Spray           Conj/Hex       #.....       99%         3    ####...
 Mephitic Cloud           Conj/Pois/Air  #.......     99%         3    ####...
 Regeneration             Chrm/Necr      #.........   99%         3    ####...
 Spider Form              Tmut/Pois      #.........   99%         3    ####...
 Stone Arrow              Conj/Erth      #.....       99%         3    ####...
 Tukima's Dance           Hex            #.......     99%         3    ####...
 Vampiric Draining        Necr           #.........   99%         3    ####...
 Animate Dead             Necr           N/A          100%        4    #####..
 Ice Form                 Ice/Tmut       #.......     100%        4    #####..
 Olgreb's Toxic Radiance  Pois           #.......     100%        4    #####..
 Petrify                  Tmut/Erth      #.......     100%        4    #####..
 Blade Hands              Tmut           #.........   100%        5    ######.
 Lee's Rapid Deconstruct  Erth           #.........   100%        5    ######.
 Venom Bolt               Conj/Pois      #.........   100%        5    ######.


Dungeon Overview and Level Annotations

Branches:
Dungeon (12/15)            Temple (1/1) D:5            Lair (0/6) D:8
    Orc (0/2) D:12

Altars:
Ashenzari
Cheibriados
Dithmenos
Elyvilon
Fedhas
Gozag
Hepliaklqana
Kikubaaqudgha
Makhleb
Nemelex Xobeh
Okawaru
Qazlal
Ru
Sif Muna
Trog
Uskayaw
Vehumet
Wu Jian
Xom
Yredelemnul
Zin
The Shining One

Shops:
D:9 ?   D:12 [

Annotations:
D:10 3 runed translucent doors, straszyg's ghost, journeyman GrFi Gauntlet 8 transporters, exclusion: orange crystal statue


Innate Abilities, Weirdness & Mutations

You cannot be hasted, slowed, berserked, paralysed or teleported.
You can dig through walls and to a lower floor.
Your four strong arms can wield two-handed weapons with a shield.
You have a pair of large antennae on your head. (SInv)


Message History

You hit the minotaur but do no damage.
The minotaur is moderately wounded.
You hit the minotaur but do no damage.
The minotaur is moderately wounded.
You block the minotaur's attack. x2
You hit the minotaur but do no damage.
The minotaur is moderately wounded.
The minotaur hits you with a +0 hand axe of freezing!!
* * * LOW HITPOINT WARNING * * *
The minotaur freezes you!
* * * LOW HITPOINT WARNING * * *
The minotaur gores you.
* * * LOW HITPOINT WARNING * * *
You feel much better.
The minotaur hits you with a +0 hand axe of freezing!
* * * LOW HITPOINT WARNING * * *
The minotaur freezes you.
* * * LOW HITPOINT WARNING * * *
The minotaur gores you!
You die...

#≈#≈#§#≈####.......####≈#≈#≈#§#≈#
###########..8.8.8..#############
##...©.©.©...## #........Z....#
######.####### #.##### #.....#
#######.# #..(@.#.# #.###H#.# #.#
.#.# #.# .#.# #.# .#.# #.# .#.#
#.#####.# #..{.{..# #########


You could see a minotaur.

Vanquished Creatures
  Rupert (D:12)
  2 hydras (D:11)
  A centaur warrior (D:9)
  Pikel (D:8)
  2 ugly things (D:12)
  Psyche (D:12)
  A gargoyle (D:10)
  The ghost of raetorn the Charmwright, a novice GnSk of Cheibriados (D:5)
  A komodo dragon (D:11)
  An efreet (Gauntlet)
  A troll (D:10)
  Grinder (D:3)
  2 raiju (Gauntlet)
  3 hippogriffs
  Sigmund (D:3)
  A spriggan (D:7)
  A shadow (D:11)
  A wyvern (D:9)
  15 yaks (D:10)
  A fire elemental (Gauntlet)
  A water moccasin (D:10)
  2 porcupines (D:8)
  2 hell hounds (Gauntlet)
  6 orc warriors
  3 sky beasts
  3 black bears
  4 ice beasts
  2 slaves (D:8)
  A necrophage (D:12)
  3 phantoms
  3 ogres
  3 centaurs
  2 crocodiles (D:8)
  3 big kobolds
  Blork the orc (D:5)
  7 bullfrogs
  A gnoll sergeant (D:11)
  A wyvern zombie (D:9)
  A wyvern skeleton (D:10)
  5 scorpions
  10 killer bees
  4 wights (D:6)
  3 howler monkeys
  4 crimson imps
  2 centaur zombies
  4 jellies
  11 orc priests
  6 hounds
  2 bullfrog skeletons
  8 orc wizards
  4 iguanas (D:8)
  A worker ant (D:4)
  Natasha (twice) (D:3)
  2 worker ant zombies
  Robin (D:2)
  A howler monkey skeleton (D:7)
  5 adders
  5 gnolls (D:11)
  2 shadow imps
  An adder zombie (D:6)
  An adder skeleton (D:4)
  3 worms (D:2)
  2 dart slugs (D:1)
  4 leopard geckos
  37 orcs
  12 bats
  6 giant cockroaches
  19 goblins
  11 hobgoblins
  6 jackals
  2 quokkas
  2 ball pythons (D:2)
  2 frilled lizards
  12 kobolds
  9 rats
299 creatures vanquished.

Vanquished Creatures (collateral kills)
  A lightning spire (Gauntlet)
1 creature vanquished.

Vanquished Creatures (others)
  An orc wizard (D:5)
  2 kobolds (D:5)
  A fungus (D:5)
4 creatures vanquished.

Grand Total: 304 creatures vanquished

Notes
Turn   | Place    | Note
-------+----------+-------------------------------------------
     0 | D:1      | Cykl0x the Formicid Fighter began the quest for the Orb.
     0 | D:1      | Reached XP level 1. HP: 18/18 MP: 1/1
    33 | D:1      | Reached XP level 2. HP: 18/24 MP: 2/2
   185 | D:1      | Reached XP level 3. HP: 26/29 MP: 3/3
  1113 | D:2      | Noticed Robin
  1136 | D:2      | Reached XP level 4. HP: 33/37 MP: 4/4
  1152 | D:2      | Killed Robin
  1376 | D:2      | Reached XP level 5. HP: 23/42 MP: 5/5
  1773 | D:3      | Noticed Sigmund
  1818 | D:3      | Killed Sigmund
  1818 | D:3      | Reached skill level 1 in Throwing
  1818 | D:3      | Reached XP level 6. HP: 4/48 MP: 6/6
  2122 | D:3      | Noticed Natasha
  2142 | D:3      | Killed Natasha
  2215 | D:3      | Noticed Grinder
  2254 | D:3      | Killed Grinder
  2254 | D:3      | Reached skill level 5 in Shields
  2254 | D:3      | Reached XP level 7. HP: 16/55 MP: 7/7
  2499 | D:3      | Noticed Natasha
  2511 | D:3      | Killed Natasha
  2894 | D:4      | Reached skill level 1 in Dodging
  3167 | D:4      | Reached skill level 5 in Long Blades
  3500 | D:4      | Reached XP level 8. HP: 58/61 MP: 8/8
  3647 | D:4      | Reached skill level 5 in Armour
  3795 | D:5      | Entered Level 5 of the Dungeon
  3890 | D:5      | Found a staircase to the Ecumenical Temple.
  4144 | Temple   | Entered the Ecumenical Temple
  4241 | Temple   | Became a worshipper of Makhleb the Destroyer
  4334 | D:5      | Noticed Blork the orc
  4352 | D:5      | Killed Blork the orc
  4371 | D:5      | Reached skill level 5 in Fighting
  4569 | D:5      | Found a runed translucent gate.
  4569 | D:5      | Found a runed translucent gate.
  4569 | D:5      | Found a runed translucent gate.
  4570 | D:5      | Identified the +11 dagger "Uxebbio" {chaos, rC+ Int+4}
  4570 | D:5      | Noticed raetorn's ghost (novice GnSk)
  4608 | D:5      | Killed raetorn's ghost
  4608 | D:5      | Reached XP level 9. HP: 61/68 MP: 9/9
  4613 | D:5      | Reached skill level 1 in Stealth
  5317 | D:6      | Found a glowing silver altar of Zin.
  5501 | D:6      | Found a radiant altar of Vehumet.
  5712 | D:7      | Reached * piety under Makhleb
  5917 | D:7      | Reached XP level 10. HP: 53/76 MP: 10/10
  6169 | D:7      | Found a deep blue altar of Sif Muna.
  6170 | D:7      | Found a glowing golden altar of the Shining One.
  6926 | D:8      | Found a blossoming altar of Fedhas.
  7084 | D:8      | Noticed Pikel
  7092 | D:8      | Killed Pikel
  7122 | D:8      | Found a staircase to the Lair.
  7222 | D:9      | Found Vojes's Magic Scroll Shoppe.
  7234 | D:9      | Bought a scroll of summoning for 114 gold pieces
  7300 | D:9      | Reached ** piety under Makhleb
  7443 | D:9      | Noticed a centaur warrior
  7455 | D:9      | Killed a centaur warrior
  7455 | D:9      | Reached skill level 10 in Long Blades
  7455 | D:9      | Reached XP level 11. HP: 69/84 MP: 11/11
  7655 | D:9      | Found a hazy altar of Hepliaklqana.
  7897 | D:10     | Entered Level 10 of the Dungeon
  8000 | D:10     | Reached skill level 10 in Shields
  8026 | D:10     | Noticed straszyg's ghost (journeyman GrFi)
  8123 | D:10     | Found a runed translucent gate.
  8123 | D:10     | Found a runed translucent gate.
  8123 | D:10     | Found a runed translucent gate.
  8602 | D:10     | Reached *** piety under Makhleb
  8993 | D:11     | Got a glittering golden amulet
  9000 | D:11     | Identified the amulet "Jallaipnudgh" {Regen+ Str-3 Int+5}
                  | (You found it on level 11 of the Dungeon)
  9039 | D:11     | Noticed a seven-headed hydra
  9046 | D:11     | Killed a seven-headed hydra
  9203 | D:11     | Reached skill level 1 in Evocations
  9211 | D:11     | Reached XP level 12. HP: 90/93 MP: 12/12
  9286 | D:11     | Noticed a five-headed hydra
  9291 | D:11     | Killed a five-headed hydra
  9689 | D:12     | Noticed Rupert
  9691 | D:12     | Noticed Psyche
  9735 | D:12     | Killed Rupert
  9738 | D:12     | Killed Psyche
  9743 | D:12     | Reached **** piety under Makhleb
  9775 | D:12     | Found Tafasoji's Armour Boutique.
  9906 | D:12     | Found a gate leading to a gauntlet.
  9930 | Gauntlet | Entered a Gauntlet
  9930 | Gauntlet | Found a transporter.
  9937 | Gauntlet | Noticed a glowing orange brain
  9938 | Gauntlet | Noticed a two-headed ogre
  9938 | Gauntlet | a glowing orange brain changed into a two-headed ogre
  9939 | Gauntlet | Found a transporter.
  9939 | Gauntlet | a two-headed ogre changed into a torpor snail
  9941 | Gauntlet | Found a transporter.
  9943 | Gauntlet | Found a transporter.
  9945 | Gauntlet | Found a transporter.
  9946 | Gauntlet | Found a transporter.
  9953 | Gauntlet | Noticed a death scarab
  9953 | Gauntlet | Noticed a death scarab
  9954 | Gauntlet | Noticed a glowing orange brain
  9954 | Gauntlet | a torpor snail changed into a glowing orange brain
  9956 | Gauntlet | Noticed a sea snake
  9956 | Gauntlet | a glowing orange brain changed into a sea snake
  9959 | Gauntlet | Found a transporter.
  9966 | Gauntlet | Found a transporter.
 10057 | Gauntlet | Found a transporter.
 10074 | Gauntlet | Found a transporter.
 10078 | Gauntlet | Found a transporter.
 10086 | Gauntlet | Found a transporter.
 10382 | Gauntlet | Got a transparent wooden ring
 10415 | Gauntlet | Noticed a minotaur
 10429 | Gauntlet | Slain by a minotaur

Skill      XL: |  1  2  3  4  5  6  7  8  9 10 11 12 |
---------------+-------------------------------------+-----
Shields        | 4 5 7 8 9 11 12 | 12.0
Armour         | 4 5 6 7 8 9 |  9.4
Fighting       | 4 5 6 7 8 9 |  9.2
Long Blades    | 3 4 5 7 8 10 11 12 | 12.3
Throwing       | 1 2 |  2.3
Dodging        | 1 2 3 |  3.6
Stealth        | 1 2 |  2.2
Evocations     | 1 2 |  2.0

Action                   |  1- 3 |  4- 6 |  7- 9 | 10-12 || total
-------------------------+-------+-------+-------+-------++-------
Melee: Long sword        |   101 |   176 |   394 |   620 ||  1291
       Scimitar          |       |       |       |    13 ||    13
Throw: Stone             |    10 |    10 |    18 |     5 ||    43
 Abil: Dig               |     2 |     4 |     6 |    11 ||    23
Evoke: Wand              |       |       |       |    13 ||    13
  Use: Scroll            |     3 |     3 |     8 |    18 ||    32
       Potion            |       |       |     2 |     4 ||     6
 Stab: Distracted        |       |       |       |     1 ||     1
  Eat: Chunk             |     1 |     4 |    12 |    18 ||    35
Armor: Scale mail        |    15 |       |       |       ||    15
       Chain mail        |    39 |    65 |   131 |   126 ||   361
Dodge: Dodged            |    28 |    30 |    85 |    92 ||   235
Block: Shield            |    75 |    97 |   206 |   326 ||   704
       Rpst.: Long sword |    11 |    12 |    22 |    33 ||    78
       Scimitar          |       |       |       |     1 ||     1
